 Dungeon Crawl Stone Soup version 0.30.0 (webtiles) character file.

Game seed: 15679785924562821954

375 edsrzf the Changer (level 6, -4/33 HPs)
             Began as a Deep Elf Transmuter on May 21, 2023.
             Slain by a human zombie (6 damage)
             ... in an ossuary.
             The game lasted 00:09:56 (3163 turns).

edsrzf the Changer (Deep Elf Transmuter)            Turns: 3163, Time: 00:09:57

Health: -4/33      AC:  3    Str:  8 (9)  XL:     6   Next: 44%
Magic:  13/13      EV: 12    Int: 17 (18) God:
Gold:   189        SH:  0    Dex: 13 (15) Spells: 5/11 levels left

rFire   + .          .
                       - Unarmed
rCold   + . .        (no shield)
rNeg    . . .        a - +0 robe
rPois   +            p - melded +0 helmet
rElec   +            (no cloak)
rCorr   +            n - +0 pair of gloves
SInv    .            h - melded +1 pair of boots
Will    ++...        (no amulet)
Stlth   +            b - ring of willpower
HPRegen 0.25/turn    t - ring of willpower
MPRegen 0.13/turn

%: no passive effects
@: brilliant, appendages, resistant, marked, wereblooded, hasted, very quick
A: horns 2, talons 2
a: End Transformation


You were in an ossuary.
You had temporarily grown beastly horns and talons.
You visited 2 branches of the dungeon, and saw 6 of its levels.
You also visited: Ossuary.

You collected 189 gold pieces.

Inventory:

Missiles
 r - 2 poisoned darts
 v - 6 atropa-tipped darts
Armour
 a - a +0 robe (worn)
 h - a +1 pair of boots (melded)
 n - a +0 pair of gloves (worn)
 p - a +0 helmet (melded)
Jewellery
 b - a ring of willpower (left hand)
 t - a ring of willpower (right hand)
Scrolls
 d - a scroll of teleportation {@r3}
 j - a scroll of enchant weapon
 k - 2 scrolls of enchant armour
 q - 3 scrolls of identify {unknown}
 s - 2 scrolls of immolation {unknown}
 u - a scroll of fog {unknown}
Potions
 m - a potion of haste


   Skills:
 - Level 0.7 Fighting
 - Level 2.4 Dodging
 * Level 4.6 Unarmed Combat
 + Level 3.4 Spellcasting
 - Level 5.2 Transmutations
 + Level 0.9 Poison Magic


You had 5 spell levels left.
You knew the following spells:

 Your Spells              Type           Power      Damage    Failure   Level
a - Beastly Appendage     Tmut           62%        N/A       1%          1
b - Wereblood             Tmut           31%        N/A       3%          2
s - Spider Form           Tmut/Pois      19%        N/A       14%         3

Your spell library contained the following spells:

 Spells                   Type           Power      Damage    Failure   Level
 Sting                    Tmut/Pois      76%        1d6       4%          1
 Apportation              Tloc           8%         N/A       17%         1
 Poisonous Vapours        Pois/Air       12%        N/A       22%         2
 Blink                    Tloc           8%         N/A       26%         2
 Lesser Beckoning         Tloc           8%         N/A       26%         2
 Momentum Strike          Conj/Tloc      8%         3d8       26%         2
 Vhi's Electric Charge    Tloc/Air       8%         N/A       45%         3
 Ice Form                 Ice/Tmut       17%        N/A       50%         4
 Olgreb's Toxic Radiance  Pois           8%         N/A       75%         4
 Alistair's Intoxication  Tmut/Pois      12%        N/A       78%         5
 Arcjolt                  Conj/Air       2%         1d12      99%         5
 Maxwell's Capacitive Co  Air            2%         ∞         100%        8


Dungeon Overview and Level Annotations

Branches:
Dungeon (5/15)             Temple (1/1) D:4         Ossuary (1/1)

Altars:
Ashenzari
Dithmenos
Fedhas
Gozag
Hepliaklqana
Makhleb
Okawaru
Sif Muna
Xom
The Shining One

Shops:
D:3 (

Annotations:
D:5 Eustachio


Innate Abilities, Weirdness & Mutations

You have temporarily grown beastly horns and talons.


Message History

Press: ? - help, v - describe, . - travel
Here: a human zombie The floor.
An adder zombie comes into view.
Casting: Beastly Appendage (safe; 1% risk of failure)
Confirm with . or Enter, or press ? or * to list all spells.
You grow a pair of large bovine horns.
Your feet morph into talons.
Your +0 helmet melds into your body.
Your +1 pair of boots melds into your body.
The human zombie hits you.
A hobgoblin zombie comes into view.
Casting: Beastly Appendage (safe; 1% risk of failure)
Confirm with . or Enter, or press ? or * to list all spells.
Your blood is infused with primal strength.
An orc zombie comes into view.
The human zombie closely misses you.
Unknown command.
You hit the human zombie.
You claw the human zombie, but do no damage.
The human zombie is lightly damaged.
The human zombie hits you.
You hit the human zombie. You headbutt the human zombie!
The human zombie is moderately damaged.
The human zombie hits you but does no damage.
You hit the human zombie. Your kick misses the human zombie.
You headbutt the human zombie.
The human zombie is moderately damaged.
An orc zombie comes into view.
You hit the human zombie. Your punch misses the human zombie.
The human zombie is moderately damaged.
The human zombie hits you.
Press: ? - help, v - describe, . - travel
Here: an orc zombie The floor.
You hit the orc zombie. You claw the orc zombie.
Your headbutt misses the orc zombie.
The orc zombie is severely damaged.
The human zombie hits you but does no damage.
The orc zombie hits you but does no damage.
You hit the orc zombie.
You feel a bit better.
You destroy the orc zombie!
A mummy comes into view.
The human zombie hits you.
You hit the hobgoblin zombie.
The hobgoblin zombie is severely damaged.
A mummy comes into view.
Press: ? - help, v - describe, . - travel
Here: a hobgoblin zombie (severely damaged)
The floor.
You barely miss the hobgoblin zombie. You claw the hobgoblin zombie.
You feel a bit better.
You destroy the hobgoblin zombie!
The human zombie hits you!
A human zombie comes into view.
Okay, then.
Press: ? - help, v - describe, . - travel
Here: an orc zombie The floor.
You hit the orc zombie.
The orc zombie is lightly damaged.
The human zombie barely misses you.
You hit the mummy but do no damage. The human zombie hits you.
It was a potion of haste.
You feel yourself speed up.
A rat zombie comes into view.
It was a potion of resistance.
You feel protected.
The human zombie hits you but does no damage.
The mummy hits you!
* * * LOW HITPOINT WARNING * * *
It was a potion of magic.
Magic courses through your body.
You howl as the wereblood boils in your veins!
The mummy pulls the alarm!
The alarm trap emits a blaring wail!
The mark upon you grows brighter.
Okay, then.
It was a potion of brilliance.
You feel clever all of a sudden. The human zombie hits you.
* * * LOW HITPOINT WARNING * * *
The mummy barely misses you.
It was a potion of degeneration.
There was something very wrong with that liquid.
You feel weakened.
You feel dopey.
You feel clumsy.
The human zombie hits you but does no damage.
Press: ? - help, v - describe, . - travel
Here: a mummy The floor.
Press: ? - help, v - describe, . - travel
Here: a human zombie (moderately damaged)
The floor.
As you read the scroll labelled HEAQAKH CIEGI, it crumbles to dust.
You hear a loud clanging noise!
It was a scroll of noise.
As you read the scroll labelled FEGOBAANLE, it crumbles to dust.
It is a scroll of amnesia.
Really abort (and waste the scroll)?
Okay, then.
You howl as the wereblood boils in your veins!
The mummy closely misses you. The human zombie hits you.
You die...

#...##############...#
#...# #... #...# #...#
#...# #...#
#...####+.... #...#
#...#.....∩.# #...#
#...#.......# #...#
#...#.......# #...#
#...#......Z####.#...#
#...#.....ZMM@ZZZ#...#
#...#.####ZZ####Z#...#
#...# #^.# #...# #...#
#^.# #...#
#...######^.######...#
#....................#
#........8..8........#
#....................#
#....................#


You could see 2 mummies, an adder zombie, a rat zombie, a hobgoblin zombie, a
kobold zombie, 2 orc zombies and 2 human zombies.

Vanquished Creatures
  A scorpion (D:5)
  A howler monkey (D:5)
  A hound (D:5)
  Jessica (D:3)
  Natasha (twice) (D:3)
  Robin (D:3)
  3 gnolls (D:5)
  7 adders
  A dart slug (D:1)
  2 ball pythons
  5 endoplasms
  3 giant cockroaches
  13 goblins
  4 hobgoblins
  3 bats
  4 frilled lizards
  6 hobgoblin zombies (Ossuary)
  4 kobolds
  7 kobold zombies (Ossuary)
  9 orc zombies (Ossuary)
  4 rats
82 creatures vanquished.

Notes
Turn   | Place    | Note
-------+----------+-------------------------------------------
     0 | D:1      | edsrzf the Deep Elf Transmuter began the quest for the Orb.
     0 | D:1      | Reached XP level 1. HP: 11/11 MP: 6/6
   132 | D:1      | Reached XP level 2. HP: 12/16 MP: 6/8
   151 | D:1      | Learned a level 2 spell: Wereblood
   600 | D:2      | Reached skill level 3 in Transmutations
   765 | D:2      | Found a shadowy altar of Dithmenos.
  1157 | D:3      | Reached skill level 3 in Unarmed Combat
  1157 | D:3      | Reached XP level 3. HP: 17/20 MP: 9/9
  1176 | D:3      | Noticed Jessica
  1192 | D:3      | Killed Jessica
  1193 | D:3      | Reached XP level 4. HP: 20/24 MP: 7/10
  1354 | D:3      | Identified 3 scrolls of enchant armour
  1355 | D:3      | Identified 2 scrolls of enchant weapon
  1487 | D:3      | Identified 2 potions of curing
  1584 | D:3      | Noticed Natasha
  1594 | D:3      | Killed Natasha
  1595 | D:3      | Reached skill level 4 in Transmutations
  1657 | D:3      | Noticed Robin
  1706 | D:3      | Killed Robin
  1763 | D:3      | Found Dain Eli's Antique Weapon Boutique.
  1886 | D:3      | Reached XP level 5. HP: 20/28 MP: 11/11
  2031 | D:3      | Noticed Natasha
  2048 | D:3      | Killed Natasha
  2217 | D:3      | Identified 2 scrolls of teleportation
  2471 | D:4      | Reached skill level 4 in Unarmed Combat
  2491 | D:4      | Noticed an ogre
  2588 | D:4      | Found a staircase to the Ecumenical Temple.
  2593 | Temple   | Entered the Ecumenical Temple
  2789 | D:5      | Entered Level 5 of the Dungeon
  2809 | D:5      | Noticed Eustachio
  2810 | D:5      | Learned a level 3 spell: Spider Form
  2844 | D:5      | Reached skill level 5 in Transmutations
  2844 | D:5      | Reached XP level 6. HP: 33/33 MP: 10/12
  3016 | D:5      | Found a sand-covered staircase.
  3021 | Ossuary  | Entered an ossuary
  3157 | Ossuary  | Identified 2 potions of haste
  3158 | Ossuary  | Identified a potion of resistance
  3159 | Ossuary  | Identified a potion of magic
  3160 | Ossuary  | Identified a potion of brilliance
  3161 | Ossuary  | Identified a potion of degeneration
  3162 | Ossuary  | Identified a scroll of noise
  3163 | Ossuary  | Identified a scroll of amnesia
  3163 | Ossuary  | Slain by a human zombie

Illustrated notes

Levels and vault maps discovered:
D:1:      lightli_arrival_isolated_outpost, layout_rooms, minmay_misc_feat_iff
D:2:      layout_loops_ring, basic_altar
D:3:      minmay_general_purpose_star, layout_basic, serial_shops, shop,
          uniq_natasha, uniq_robin, uniq_jessica
D:4:      nicolae_cairo_tiling_very_big, layout_loops_cross, zin_scriptorium,
          gammafunk_ghost_gnarly_gnolls, minivault_27
D:5:      layout_gridville, nicolae_ossuary_entry_false_entrances,
          minmay_misc_feat_square, uniq_eustachio, uniq_sigmund
Temple:   cyrus_temple_forest
Ossuary:  ossuary_tomb_1

Skill      XL: |  1  2  3  4  5 |
---------------+----------------+-----
Transmutations | 3 4 5 |  5.2
Unarmed Combat | 3 4 |  4.6
Fighting       | |  0.7
Dodging        | |  2.4
Spellcasting   | |  3.4
Poison Magic   | |  0.9

Action                     |  1- 3 |  4- 6 || total
---------------------------+-------+-------++-------
  Melee: Unarmed           |    72 |   195 ||   267
         Kick              |    19 |    47 ||    66
         Headbutt          |     8 |    22 ||    30
         Punch             |       |     7 ||     7
  Throw: Dart              |       |     4 ||     4
   Cast: Beastly Appendage |    16 |    23 ||    39
         Wereblood         |     1 |     3 ||     4
    Use: Scroll            |       |     5 ||     5
         Potion            |       |     8 ||     8
   Stab: Sleeping          |     2 |       ||     2
 Armour: Robe              |    16 |    33 ||    49
         Skin              |       |     2 ||     2
  Dodge: Dodged            |    40 |   116 ||   156
